cohdb
Replays
Latest Replays
All Replays
Popular Replays
Top Player Replays
Match Explorer
How It Works
Community
CoH3 Stats
Reddit
Sign in to upload your games and track your stats! →
Sign in with Steam
Match 41237161
Unlisted
Match 41237161
Overview
Messages
Build Orders
End
Construct Infanterie Kompanie
Grenadier Squad
Selects Breakthrough Battlegroup
Selects Assault Grenadiers
Grenadier Squad
GrW 34 Mortar Team
Construct Panzergrenadier Kompanie
Construct Panzergrenadier Kompanie
Selects Breakthrough
251 Medium Carrier
Pak 40 Anti-tank Gun Team
Support Elements
StuG III G Assault Gun
Nebelwerfer 42 Rocket Launcher Team
Selects Incendiary Bombing Run
Construct Panzer Kompanie
憨八龟
吃饭没没吃饭吃我两拳
nightshade rose
王大锤565727926
E-X-Z-I
ßoo
歪咔曲啃(绝地逃兵)
fj6862
0
0
Comments
sign in to comment!
No comments posted yet!